 Dungeon Crawl Stone Soup version 0.22-a0-833-g8522bf8 (console) character file.

360 Jenz the Poker (level 6, 0/47 HPs)
             Began as a Demonspawn Warper on July 25, 2018.
             Slain by a worker ant (2 damage)
             ... on level 4 of the Dungeon.
             The game lasted 00:24:27 (5462 turns).

Jenz the Poker (Demonspawn Warper)                  Turns: 5462, Time: 00:24:27

Health: 0/47       AC:  4    Str: 11    XL:     6   Next: 38%
Magic:  2/9        EV: 12    Int: 17    God:
Gold:   255        SH:  0    Dex: 12    Spells: 2/9 levels left

rFire    . . .     SeeInvis .   a - +1 spear
rCold    . . .     Gourm    .   (no shield)
rNeg     . . .     Faith    .   b - +1 leather armour
rPois    .         Spirit   .   (helmet restricted)
rElec    .         Reflect  .   (no cloak)
rCorr    .         Harm     .   (no gloves)
MR       .....                  (no boots)
Stlth    +.........             (no amulet)
HPRegen  0.15/turn              (no ring)
MPRegen  0.11/turn              (no ring)

@: lethally poisoned (0 -> -7), shrouded, very slightly contaminated
A: horns 1, demonic guardian 1, sturdy frame 2
a: no special abilities


You were on level 4 of the Dungeon.
You were not hungry.

You visited 1 branch of the dungeon, and saw 4 of its levels.

You collected 255 gold pieces.

Inventory:

Hand Weapons
 a - a +1 spear (weapon)
 k - a +2 war axe of chopping
Missiles
 e - 5 tomahawks of dispersal (quivered)
 h - 2 tomahawks
 l - 3 javelins
Armour
 b - a +1 leather armour (worn)
Wands
 f - a wand of enslavement (17)
Scrolls
 d - 2 scrolls of blinking
 j - 4 scrolls of teleportation
 m - a scroll of identify
Potions
 c - a potion of brilliance
 g - 2 potions of haste
 i - 3 potions of lignification
 n - a potion of agility
 o - a potion of might
 p - a potion of heal wounds


   Skills:
 + Level 3.1 Fighting
 + Level 3.9 Polearms
 + Level 0.8 Throwing
 + Level 2.5 Armour
 + Level 2.6 Dodging
 + Level 1.5 Stealth
 + Level 2.3 Spellcasting
 + Level 3.0 Translocations


You had 2 spell levels left.
You knew the following spells:

 Your Spells              Type           Power        Failure   Level  Hunger
a - Blink                 Tloc           N/A          9%          2    ##.....
b - Shroud of Golubria    Chrm/Tloc      #.........   16%         2    ##.....
c - Gell's Gravitas       Tloc           ##........   16%         3    ###....

Your spell library contained the following spells:

 Spells                   Type           Power        Failure   Level  Hunger
 Teleport Other           Tloc           ##......     16%         3    ###....
 Passage of Golubria      Tloc           N/A          47%         4    #####..
 Lesser Beckoning         Tloc           ##........   16%         3    ###....


Dungeon Overview and Level Annotations

Branches:
Dungeon (4/15)             Temple (0/1) D:4

Altars:


Innate Abilities, Weirdness & Mutations

You have a pair of small horns on your head.
A weak demonic guardian rushes to your aid.
Your movements are less encumbered by armour. (ER -4)


Message History

* * * LOW HITPOINT WARNING * * *
You feel sick.
* * * LOW HITPOINT WARNING * * *
You feel sick.
Your quasit barely misses the worker ant.
Your quasit claws the worker ant but does no damage.
Your quasit barely misses the worker ant.
* * * LOW HITPOINT WARNING * * *
You feel sick.
Your shroud bends the worker ant's attack away.
* * * LOW HITPOINT WARNING * * *
You feel sick.
Your quasit bites the worker ant but does no damage.
Your quasit barely misses the worker ant.
Your quasit claws the worker ant.
The worker ant misses you.
* * * LOW HITPOINT WARNING * * *
You feel sick.
Your quasit disappears in a puff of smoke!
The worker ant closely misses you. The worker ant bites you.
You die...

........###.# #####.....#.#
#########.#.### ##....# #.....#
##.##.# #.....# ##.##.# #.....#
...##.# #.....# #####.# #.....#
# #.####....# #####
####.##.....############## #....
#....##........@.......[.###.###
#.#####........a................
#..............§.....#......≈≈≈≈
#######........†.....#....≈≈≈≈≈≈
#.......)......#..≈≈≈≈≈≈≈≈
#..............#.≈≈≈≈≈≈...
#.####....<....#........>. #.#
#...........≈≈≈≈≈≈... ..#
#####'####..≈≈≈≈≈≈≈≈≈ ## #..
#..[≈≈≈≈≈≈≈≈ ###. ##....≈≈≈≈≈≈


You could see a worker ant.

Vanquished Creatures
  A howler monkey (D:4)
  An orc priest (D:3)
  A worker ant (D:4)
  A hound skeleton (D:4)
  5 adders
  An ooze (D:1)
  An adder skeleton (D:4)
  A worm (D:2)
  A dart slug (D:2)
  3 leopard geckos
  6 orcs
  5 giant cockroaches
  8 goblins
  10 hobgoblins
  4 jackals (D:3)
  8 kobolds
  2 quokkas (D:3)
  9 bats
  7 frilled lizards
  8 rats
83 creatures vanquished.

Vanquished Creatures (collateral kills)
  A hound (D:4)
  2 orc priests
  An orc wizard (D:4)
  2 worker ants
  An orc (D:4)
7 creatures vanquished.

Grand Total: 90 creatures vanquished

Notes
Turn   | Place    | Note
-------+----------+-------------------------------------------
     0 | D:1      | Jenz the Demonspawn Warper began the quest for the Orb.
     0 | D:1      | Reached XP level 1. HP: 16/16 MP: 3/3
   350 | D:1      | Gained mutation: Your movements are slightly less encumbered by armour. (ER -2) [demonic ancestry]
   350 | D:1      | Reached XP level 2. HP: 19/22 MP: 5/5
   587 | D:1      | Reached skill level 1 in Armour
   754 | D:1      | Gained mutation: You have a pair of small horns on your head. [demonic ancestry]
   754 | D:1      | Reached XP level 3. HP: 28/28 MP: 6/6
  1456 | D:2      | Learned a level 2 spell: Blink
  1459 | D:2      | Learned a level 2 spell: Shroud of Golubria
  2316 | D:2      | Gained mutation: A weak demonic guardian rushes to your aid. [demonic ancestry]
  2316 | D:2      | Reached XP level 4. HP: 34/34 MP: 7/7
  2847 | D:3      | Learned a level 3 spell: Gell's Gravitas
  3581 | D:3      | Reached XP level 5. HP: 25/39 MP: 8/8
  4109 | D:3      | HP: 1/39 [poisoned by an adder]
  4549 | D:3      | Found a faded altar of an unknown god.
  4743 | D:4      | Reached skill level 1 in Stealth
  4838 | D:4      | Gained mutation: Your movements are less encumbered by armour. (ER -4) [demonic ancestry]
  4838 | D:4      | Reached XP level 6. HP: 39/47 MP: 9/9
  5330 | D:4      | Found a staircase to the Ecumenical Temple.
  5462 | D:4      | HP: 2/47 [poisoned by a worker ant]
  5462 | D:4      | Slain by a worker ant

Vault maps used:
D:1:      dpeg_arrival_arbitrary_a
D:3:      chequers_ecumenical_altar_grove
D:4:      temple_pool_b

Skill      XL: |  1  2  3  4  5  6 |
---------------+-------------------+-----
Dodging        | 2 |  2.6
Polearms       | 2 3 |  3.9
Armour         | 1 2 |  2.5
Fighting       | 3 |  3.1
Stealth        | 1 |  1.5
Translocations | 3 |  3.0
Throwing       | |  0.8
Spellcasting   | |  2.3

Action                   |  1- 3 |  4- 6 || total
-------------------------+-------+-------++-------
Melee: Spear             |   139 |   210 ||   349
       Headbutt          |     8 |    19 ||    27
 Cast: Blink             |     4 |     2 ||     6
       Gell's Gravitas   |       |     4 ||     4
       Shroud of Golubri |       |     2 ||     2
  Use: Scroll            |     8 |     8 ||    16
       Potion            |       |     1 ||     1
 Stab: Sleeping          |     3 |     2 ||     5
       Distracted        |       |     1 ||     1
  Eat: Ration            |     1 |     3 ||     4
       Chunk             |     1 |     1 ||     2
Armor: Leather armour    |    31 |    27 ||    58
Dodge: Dodged            |    62 |   126 ||   188

Table legend:
 A = Spawn XP
 B = Non-spawn XP
 C = Spawn XP percentage of total XP
 D = Spawn monster count
 E = Non-spawn monster count
 F = Spawn count percentage of total count
 G = Total turns spent on level
                    A         B        C        D         E        F      G
               +---------+---------+-------+---------+---------+-------+---------
         Total |       0 |     515 |   0.0 |       0 |      90 |   0.0 |  5462
               +---------+---------+-------+---------+---------+-------+---------
           D:1 |       0 |      52 |   0.0 |       0 |      27 |   0.0 |  1237
           D:2 |       0 |      74 |   0.0 |       0 |      20 |   0.0 |  1888
           D:3 |       0 |     168 |   0.0 |       0 |      29 |   0.0 |  1589
           D:4 |       0 |     221 |   0.0 |       0 |      14 |   0.0 |   748
               +---------+---------+-------+---------+---------+-------+---------
